 Dungeon Crawl Stone Soup version 0.29.1-15-g9cfb28693d (webtiles) character file.

Game seed: 2015620086286313171

27 Lolow the Trooper (level 3, 0/33 HPs)
             Began as a Hill Orc Fighter on May 13, 2023.
             Was a Follower of Makhleb.
             Killed by nerve-wracking pain
             ... invoked by Jessica
              (8 damage)
             ... on level 2 of the Dungeon.
             The game lasted 00:04:26 (906 turns).

Lolow the Trooper (Hill Orc Fighter)                 Turns: 906, Time: 00:04:27

Health: 0/33       AC:  8    Str: 18    XL:     3   Next: 10%
Magic:  3/3        EV:  9    Int:  8    God:    Makhleb [*.....]
Gold:   56         SH:  4    Dex: 12    Spells: 2/2 levels left

rFire   . . .      SeeInvis .   a - +0 war axe
rCold   . . .      Faith    .   c - +0 buckler
rNeg    . . .      Spirit   .   b - +0 scale mail
rPois   .          Reflect  .   g - +2 hat
rElec   .          Harm     .   (no cloak)
rCorr   .          Rampage  .   (no gloves)
Will    .....                   (no boots)
Stlth   ..........              (no amulet)
HPRegen 0.11/turn               (no ring)
MPRegen 0.08/turn               (no ring)

@: no status effects
A: no striking features
a: Renounce Religion


You were on level 2 of the Dungeon.
You worshipped Makhleb.
Makhleb was aware of your devotion.
You visited 1 branch of the dungeon, and saw 2 of its levels.

You collected 56 gold pieces.

Inventory:

Hand Weapons
 a - a +0 war axe (weapon)
Armour
 b - a +0 scale mail (worn)
 c - a +0 buckler (worn)
 g - a +2 hat (worn)
 h - a +0 scale mail
Scrolls
 e - a scroll of teleportation {unknown}
 f - a scroll of vulnerability {unknown}
 j - a scroll of enchant armour {unknown}
 l - a scroll of identify {unknown}
Potions
 d - a potion of might
 i - a potion of curing {unknown}
 k - a potion of attraction {unknown}


   Skills:
 + Level 4.1 Fighting
 + Level 3.5 Axes
 + Level 3.4 Armour
 + Level 0.1 Dodging
 + Level 3.5 Shields


You had 2 spell levels left.
You didn't know any spells.
Your spell library contained the following spells:

 Spells                   Type           Power      Damage    Failure   Level
 Summon Guardian Golem    Hex/Summ       0%         N/A       99%         3
 Orb of Destruction       Conj           0%         9d5       100%        7
 Spellforged Servitor     Conj/Summ      0%         N/A       100%        7


Dungeon Overview and Level Annotations

Branches:
Dungeon (2/15)

Altars:
Makhleb

Annotations:
D:2 Jessica


Message History

You pick up a book of Dangerous Friends and begin reading...
You add the spells Summon Guardian Golem, Orb of Destruction and Spellforged Servitor to your library.
Found a stone staircase leading down.
A goblin comes into view. It is wielding a +0 dagger.
The goblin barely misses you.
You barely miss the goblin.
The goblin hits you but does no damage. x2
You barely miss the goblin. The goblin hits you but does no damage.
You barely miss the goblin. The goblin hits you with a +0 dagger.
You slash the goblin!
You kill the goblin!
Makhleb accepts your kill.
You feel better.
Things that are here:
a +0 dagger; a goblin corpse Jessica the Apprentice Sorceress comes into view.
She is wielding a +0 dagger and carrying a wand of roots (10).
Found 8 stones.
Jessica shouts!
You see here 5 gold pieces.
Found 2 gold pieces.
Jessica gestures at you while chanting. Pain shoots through your body!
An endoplasm comes into view.
You closely miss Jessica.
The endoplasm quivers.
Jessica zaps a wand.
The roots erupt in riotous growth!
The grasping roots grab you!
Jessica is unaffected.
The grasping roots constrict you.
You barely miss Jessica. Jessica gestures at you while chanting.
You barely resist. The grasping roots constrict you.
You barely miss Jessica. Jessica hits you with a +0 dagger.
The grasping roots constrict you. Jessica hits you with a +0 dagger.
* * * LOW HITPOINT WARNING * * *
The grasping roots constrict you.
The grasping roots release their grip on you.
You slash Jessica!
Jessica is severely wounded.
Jessica points at you and mumbles some strange words.
Pain shoots through your body!
You die...

.. #<.# #.##.# ...
#### #.##.# ....
#.##.# ..## #.##)#
...## #.#..# #..#
#...##
######+##.###.######.#
..........$..........[
...(..@@.##.#.######.#
................
.....J..####..###
........+ .>.#
....(..$# ###..
........# ####
........# #########


You could see Jessica and an endoplasm.

Vanquished Creatures
  2 endoplasms (D:1)
  A giant cockroach (D:1)
  7 goblins
  3 kobolds (D:1)
  A quokka (D:1)
  9 ball pythons (D:1)
  A bat (D:1)
  4 rats
28 creatures vanquished.

Notes
Turn   | Place    | Note
-------+----------+-------------------------------------------
     0 | D:1      | Lolow the Hill Orc Fighter began the quest for the Orb.
     0 | D:1      | Reached XP level 1. HP: 19/19 MP: 1/1
   226 | D:1      | Reached XP level 2. HP: 27/27 MP: 2/2
   378 | D:1      | Reached skill level 4 in Fighting
   492 | D:1      | Found a faded altar of an unknown god.
   531 | D:1      | Prayed at the altar of an unknown god.
   531 | D:1      | Became a worshipper of Makhleb the Destroyer
   531 | D:1      | Reached * piety under Makhleb
   794 | D:1      | Reached XP level 3. HP: 33/33 MP: 3/3
   899 | D:2      | Noticed Jessica
   906 | D:2      | Killed from afar by Jessica

Illustrated notes

Levels and vault maps discovered:
D:1:      erik_arrival_triangle_large, layout_basic,
          nicolae_ecumenical_snake_handling
D:2:      layout_basic, basic_altar, uniq_jessica

Skill      XL: |  1  2 |
---------------+-------+-----
Axes           | 3 |  3.5
Fighting       | 4 |  4.1
Armour         | |  3.4
Dodging        | |  0.1
Shields        | |  3.5

Action                   || total
-------------------------++-------
Melee: War axe           ||    79
Armor: Scale mail        ||    37
Dodge: Dodged            ||    29
Block: Buckler           ||    13
